 Dungeon Crawl Stone Soup version 0.30-a0-476-g330ca2eb8e (webtiles) character file.

Game seed: 12409828778932175370

511 Raultor the Changer (level 7, -9/46 HPs)
             Began as an Octopode Transmuter on Dec 20, 2022.
             Was an Initiate of the Shining One.
             Shot with an arrow by a centaur (14 damage)
             ... on level 5 of the Dungeon on Dec 21, 2022.
             The game lasted 00:08:54 (3849 turns).

Raultor the Changer (Octopode Transmuter)           Turns: 3849, Time: 00:08:55

Health: -9/46      AC:  1    Str:  9    XL:     7   Next: 19%
Magic:  5/10       EV: 13    Int: 18    God:    the Shining One [......]
Gold:   230        SH:  0    Dex: 18    Spells: 2/10 levels left

rFire   . . .      SeeInvis .      - Unarmed
rCold   . . .      Faith    .    (no shield)
rNeg    . . .      Spirit   .    (helmet restricted)
rPois   .          Reflect  .    (no amulet)
rElec   .          Harm     .    D - +6 ring of dexterity
rCorr   .          Rampage  .    (no ring)
Will    .....                    (no ring)
Stlth   +.........               (no ring)
HPRegen 0.27/turn                (no ring)
MPRegen 0.12/turn                (no ring)
                                 (no ring)
                                 (no ring)

@: glowing
A: almost no armour, amphibious, 8 rings, camouflage 1, gelatinous body 1,
(nimble swimmer 1), tentacles
a: Renounce Religion


You were on level 5 of the Dungeon.
You worshipped the Shining One.
The Shining One was noncommittal.
You visited 2 branches of the dungeon, and saw 6 of its levels.

You collected 230 gold pieces.


Innate Abilities, Weirdness & Mutations

You cannot wear most types of armour.
You are amphibious.
You can wear up to eight rings at the same time.
Your skin changes colour to match your surroundings (Stealth+).
Your rubbery body absorbs attacks. (AC +1, EV +1)
((You are camouflaged when in or above water. (Stealth+)))
You have tentacles for arms and can constrict up to eight enemies at once.


   Skills:
 + Level 3.0 Fighting
 - Level 2.0 Dodging
 + Level 4.2 Unarmed Combat
 + Level 2.0 Spellcasting
 * Level 4.5 Transmutations
 * Level 4.0 Ice Magic


You had 2 spell levels left.
You knew the following spells:

 Your Spells              Type           Power      Damage    Failure   Level
b - Beastly Appendage     Tmut           36%        N/A       2%          1
c - Ice Form              Ice/Tmut       17%        N/A       30%         4
w - Wereblood             Tmut           18%        N/A       4%          2
z - Shock                 Conj/Air       4%         1d3       19%         1

Your spell library contained the following spells:

 Spells                   Type           Power      Damage    Failure   Level
 Foxfire                  Conj/Fire      4%         2x1d4     19%         1
 Scorch                   Fire           2%         2d5       26%         2
 Spider Form              Tmut/Pois      10%        N/A       22%         3
 Swiftness                Air            1%         N/A       47%         3
 Airstrike                Air            0%         2d(1-17)  87%         4
 Dispersal                Tloc           0%         N/A       100%        6
 Malign Gateway           Summ/Tloc      0%         N/A       100%        7

Inventory:

Magical Staves
 h - a staff of death {!a}
Jewellery
 D - a +6 ring of dexterity (left tentacle)
Wands
 n - a wand of iceblast (11)
 o - a wand of digging (5)
Scrolls
 b - 9 scrolls of identify {unknown}
 c - a scroll of blinking {unknown}
 e - a scroll of vulnerability {unknown}
 g - 3 scrolls of poison {unknown}
 i - a scroll of magic mapping {unknown}
 m - a scroll of brand weapon {unknown}
Potions
 a - a potion of lignification
 d - 2 potions of curing {@q1}
 f - a potion of attraction {unknown}
 j - 4 potions of might {unknown}
 k - a potion of brilliance {unknown}
 l - a potion of heal wounds {unknown}

Dungeon Overview and Level Annotations

Branches:
Dungeon (5/15)             Temple (1/1) D:5

Altars:
Ashenzari
Cheibriados
Fedhas
Gozag
Hepliaklqana
Makhleb
Nemelex Xobeh
Okawaru
Ru
Sif Muna
Trog
Uskayaw
Vehumet
Wu Jian
Xom
Yredelemnul
Zin
The Shining One

Shops:
D:1

[
......##.####..░.░..###.####.....
.#..####........>.......##...####
.........####..░.░..###..'...'..#
..............░...░......#...####
....c.##.###.........##.##....#
.#..#.##.######......##.##....#
...K.................##.##....#
...##....######......##.##....#
.#.......### #.@....##.##....###
##.....#...# #.###..##.##.......
.......###.# #.# #...#.#####.# #
.......# #.# #.# #...#.# #.###
.......###.####c###...#.#####.##.
...........c..................#..
...........####.####..#######....
............ .... ##....
#.#...... ...... ###.....


You could see a centaur.


Message History

The kobold brigand throws a poisoned dart.
The poisoned dart hits you!
You are more poisoned.
You feel very sick.
The centaur shouts!
The centaur wields a +0 shortbow.
The centaur shoots an arrow.
The arrow hits you.
You feel sick.
The centaur shoots an arrow.
The arrow misses you.
You feel sick.
The centaur shoots an arrow.
The arrow misses you.
You feel sick.
The centaur shoots an arrow.
The arrow misses you.
The centaur shoots an arrow.
The arrow hits you!
* * * LOW HITPOINT WARNING * * *
You feel sick.
You feel sick.
The centaur shoots an arrow.
The arrow barely misses you.
Unknown command.
You feel sick.
You feel sick.
The centaur shoots an arrow.
The arrow hits you!
* * * LOW HITPOINT WARNING * * *
You feel sick.
You feel sick.
You are no longer poisoned.
The centaur shoots an arrow.
The arrow completely misses you.
Your magical contamination has completely faded away.
It was a potion of curing.
You feel better.
The centaur shoots an arrow.
The arrow barely misses you.
The centaur shoots an arrow.
The arrow hits you!
* * * LOW HITPOINT WARNING * * *
The centaur shoots an arrow.
The arrow barely misses you.
The centaur shoots an arrow.
The arrow hits you!
You die...

Skill      XL: |  1  2  3  4  5  6  7 |
---------------+----------------------+-----
Ice Magic      | 1 2 3 4 |  4.0
Transmutations | 3 4 |  4.5
Fighting       | 2 3 |  3.0
Unarmed Combat | 4 |  4.2
Dodging        | |  2.0
Spellcasting   | |  2.0

Action                   |  1- 3 |  4- 6 |  7- 9 || total
-------------------------+-------+-------+-------++-------
Melee: Unarmed           |    96 |    90 |     8 ||   194
       Constrict         |    31 |    22 |     1 ||    54
       Kick              |    28 |    16 |       ||    44
       Tentacles         |    13 |    14 |     1 ||    28
       Punch             |     2 |     3 |     1 ||     6
 Cast: Beastly Appendage |    13 |    12 |     1 ||    26
       Wereblood         |     1 |     4 |       ||     5
       Shock             |       |     4 |       ||     4
       Ice Form          |       |     3 |       ||     3
  Use: Potion            |       |       |     1 ||     1
 Stab: Sleeping          |     3 |     5 |       ||     8
Armor: Skin              |     7 |    12 |     1 ||    20
Dodge: Dodged            |    56 |    43 |    11 ||   110

Levels and vault maps discovered:
D:1:      wander_arrival_estate, layout_rooms, serial_shops, nicolae_square_shop
D:2:      layout_basic, hellmonk_ecumenical_altar_blasted
D:3:      layout_rooms, uniq_crazy_yiuf_cottage
D:4:      layout_loops_corners, roderic_malta_cross, st_stairs_2
D:5:      layout_basic, minmay_temple_entry_crystal_x
Temple:   nicolae_temple_two_arcs

Notes
Turn   | Place    | Note
-------+----------+-------------------------------------------
     0 | D:1      | Raultor the Octopode Transmuter began the quest for the
                  | Orb.
     0 | D:1      | Reached XP level 1. HP: 13/13 MP: 3/3
    63 | D:1      | Reached XP level 2. HP: 16/18 MP: 1/5
   109 | D:1      | Learned a level 2 spell: Wereblood
   117 | D:1      | Found Zydetoec's Armour Shoppe.
   179 | D:1      | Reached skill level 1 in Ice Magic
   414 | D:1      | Reached XP level 3. HP: 20/21 MP: 4/6
  1005 | D:2      | Found a faded altar of an unknown god.
  1155 | D:2      | Reached XP level 4. HP: 29/29 MP: 7/7
  1232 | D:2      | Got the Guide on Dimensional Fire
  1495 | D:3      | Reached skill level 3 in Transmutations
  1495 | D:3      | Reached skill level 2 in Ice Magic
  1499 | D:3      | Reached skill level 2 in Fighting
  1753 | D:3      | Reached XP level 5. HP: 30/34 MP: 8/8
  1969 | D:3      | Found a runed translucent door.
  1970 | D:3      | Noticed Crazy Yiuf
  1975 | D:3      | Learned a level 1 spell: Shock
  1981 | D:3      | Killed Crazy Yiuf
  2366 | D:4      | Noticed an ogre
  2374 | D:4      | Learned a level 4 spell: Ice Form
  2387 | D:4      | Killed an ogre
  2388 | D:4      | Reached skill level 3 in Ice Magic
  2388 | D:4      | Reached XP level 6. HP: 41/41 MP: 1/9
  2562 | D:4      | Upgraded the game from 0.30-a0-475-g03497ec522 to
                  | 0.30-a0-476-g330ca2eb8e
  2562 | D:4      | Identified the +0 leather armour of the Northern Lights
                  | {Regen+ Dex+5 Slay-2}
  2681 | D:4      | Reached skill level 4 in Transmutations
  3038 | D:5      | Entered Level 5 of the Dungeon
  3441 | D:5      | Reached skill level 4 in Unarmed Combat
  3488 | D:5      | Found a staircase to the Ecumenical Temple.
  3512 | D:5      | Reached XP level 7. HP: 45/45 MP: 3/10
  3518 | D:5      | Reached skill level 3 in Fighting
  3525 | Temple   | Entered the Ecumenical Temple
  3669 | Temple   | Became a worshipper of the Shining One
  3719 | D:5      | Reached skill level 4 in Ice Magic
  3835 | D:5      | HP: 3/46 [centaur/arrow (7)]
  3849 | D:5      | Shot with an arrow by a centaur

Vanquished Creatures
  An ogre (D:4)
  2 scorpions (D:5)
  A howler monkey (D:5)
  Crazy Yiuf (D:3)
  A hound (D:3)
  2 iguanas (D:5)
  4 gnolls (D:3)
  4 adders
  2 worms
  2 dart slugs
  4 orcs (D:4)
  5 endoplasms
  3 giant cockroaches
  8 goblins
  3 hobgoblins
  2 jackals (D:1)
  A quokka (D:2)
  6 ball pythons
  10 bats
  5 frilled lizards
  12 kobolds
  6 rats
85 creatures vanquished.

Table legend: (Time is in decaauts)
 A = Elapsed time spent in this place.
 B = Non-inter-level travel time spent in this place.
 C = Inter-level travel time spent in this place.
 D = Time resting spent in this place.
 E = Time spent auto-exploring this place.
 F = Levels seen in this place.
 G = Mean time per level.
                   A        B        C        D        E       F      G
               +--------+--------+--------+--------+--------+-----+--------+
         Total |   3835 |   3669 |    166 |      0 |   2964 |   6 |  639.2 |
       Dungeon |   3681 |   3524 |    157 |      0 |   2858 |   5 |  736.2 |
        Temple |    154 |    145 |      9 |      0 |    106 |   1 |  154.0 |
               +--------+--------+--------+--------+--------+-----+--------+

Top non-repeatable levels by time:
     D:4: 956 daAuts
     D:2: 877 daAuts
     D:5: 654 daAuts
     D:3: 646 daAuts
     D:1: 546 daAuts
  Temple: 154 daAuts

Table legend:
 A = Non-vault XP
 B = Vault XP
 C = Vault XP percentage of total XP
 D = Non-vault monster count
 E = Vault monster count
 F = Vault count percentage of total count
                 A         B        C        D         E       F
            +---------+---------+-------+---------+---------+-------
      Total |     671 |      60 |   8.2 |      80 |       5 |   5.9
            +---------+---------+-------+---------+---------+-------
        D:1 |      42 |       0 |   0.0 |      26 |       0 |   0.0
        D:2 |      44 |       0 |   0.0 |      19 |       0 |   0.0
        D:3 |     109 |      40 |  26.8 |      16 |       1 |   5.9
        D:4 |     154 |      20 |  11.5 |      12 |       4 |  25.0
        D:5 |     322 |       0 |   0.0 |       7 |       0 |   0.0
            +---------+---------+-------+---------+---------+-------
